 Dungeon Crawl Stone Soup version 0.17-a0-18-gc25b939 (webtiles) character file.

560 Chiseanne the Shield-Bearer (level 7, -3/55 HPs)
             Began as a Formicid Fighter on Mar 10, 2015.
             Was an Initiate of Gozag.
             Slain by Prince Ribbit (7 damage)
             ... on level 4 of the Dungeon.
             The game lasted 00:16:21 (4296 turns).

Chiseanne the Shield-Bearer (Formicid Fighter)      Turns: 4296, Time: 00:16:21

Health: -3/55      AC: 13    Str: 21    XL:     7   Next: 57%
Magic:  9/9        EV: 11    Int:  9    God:    Gozag
Gold:   292        SH: 11    Dex: 10    Spells: 0 memorised, 6 levels left

rFire  . . .     SeeInvis +     a - +4 flail (protect)
rCold  . . .     Clarity  .     b - +0 scale mail
rNeg   . . .     SustAb   .     c - +1 shield
rPois  .         Gourm    .     (helmet unavailable)
rElec  .         Spirit   .     q - +0 cloak
rCorr  .         Warding  .     (no gloves)
rMut   .         Stasis   +     (no boots)
MR     .....                    r - amulet of regeneration
Stlth  ..........               (no ring)
                                t - +2 ring of evasion

@: not resistant to hostile enchantments, extremely unstealthy
A: permanent stasis, dig shafts and tunnels, four strong arms, antennae 3
a: Dig, Shaft Self, Potion Petition, Call Merchant, Bribe Branch, Renounce
Religion


You were on level 4 of the Dungeon.
You worshipped Gozag.
Gozag was noncommittal.
You were not hungry.

You visited 2 branches of the dungeon, and saw 5 of its levels.

You collected 429 gold pieces.
You paid 137 gold pieces to Gozag.

Inventory:

Hand weapons
 a - a +4 flail of protection (weapon)
 s - a +0 whip of venom
Missiles
 h - 5 javelins
 m - 65 bolts
 u - 48 sling bullets
 x - 4 tomahawks (quivered)
 A - 38 poisoned needles
Armour
 b - a +0 scale mail (worn)
 c - a +1 shield (worn)
 q - a +0 cloak (worn)
Jewellery
 r - an amulet of regeneration (around neck)
 t - a +2 ring of evasion (left hand)
Magical devices
 p - a wand of teleportation (0)
Scrolls
 e - 2 scrolls of recharging
 i - a scroll of magic mapping
 o - 2 scrolls of remove curse
 w - 2 scrolls of identify
Potions
 f - a potion of curing
 g - a potion of flight
 j - 2 potions of mutation
 l - a potion of restore abilities
Comestibles
 d - 4 bread rations
 k - a beef jerky
 n - 4 meat rations


   Skills:
 * Level 4.9 Fighting
   Level 3.0(3.2) Axes
 * Level 1.4(2.4) Maces & Flails
 * Level 5.3 Armour
 * Level 6.6 Shields


You had 6 spell levels left.
You didn't know any spells.

Dungeon Overview and Level Annotations

Branches:
Dungeon (4/15)             Temple (1/1) D:4

Altars:
Ashenzari
Cheibriados
Dithmenos
Elyvilon
Fedhas
Gozag
Kikubaaqudgha
Makhleb
Nemelex Xobeh
Okawaru
Qazlal
Ru
Sif Muna
Trog
Vehumet
Xom
Yredelemnul
Zin
The Shining One

Annotations:
D:4 Prince Ribbit


Innate Abilities, Weirdness & Mutations

You are under a permanent stasis effect.
You can dig through walls and to a lower floor.
Your four strong arms can wield two-handed weapons with a shield.
You have a pair of large antennae on your head (SInv).


Message History

* * * LOW HITPOINT WARNING * * *
Prince Ribbit hits you but does no damage.
Drink which item? (? for menu, Esc to quit)
Okay, then.
You completely miss Prince Ribbit.
Prince Ribbit hits you but does no damage.
You block Prince Ribbit's attack.
You miss Prince Ribbit. You block Prince Ribbit's attack.
Prince Ribbit hits you!
* * * LOW HITPOINT WARNING * * *
Evoke which item? (* to show all) (? for menu, Esc to quit)
Zapping:
p - a wand of teleportation {zapped: 4} (will waste charges)
Press: ? - help, Shift-Dir - straight line, f - you, p - Prince Ribbit Formicids cannot teleport.
You see here a club.
Prince Ribbit lets out a mournful croak.
You block Prince Ribbit's attack. Prince Ribbit hits you!
You die...
Your body crumbles into a pile of gold.

#..##≈≈≈≈≈≈#..#...##
#..#_......'.###########
#..##≈≈≈≈≈≈### ##...#
#...#.#(#.## #....#
#...###(##### #....#
#......(....# #....#
#####+####+#########'###
##.................#...#
(+..............@#.....#
#..............F.#.....#
.#............<).+.....#
.#...............###'###
.#......#######+##.....#
.#....(.#..............#
)(.(....'..............#
######..#..............#
.....#..#....##.##.....#


You could see Prince Ribbit.

Vanquished Creatures
  Sigmund (D:2)
  A scorpion (D:4)
  2 iguanas (D:4)
  Crazy Yiuf (D:3)
  A worker ant (D:4)
  Terence (D:2)
  Robin (D:3)
  12 adders
  2 gnolls (D:4)
  6 worms
  An adder zombie (D:4)
  An ooze (D:3)
  10 orcs
  A ball python (D:3)
  3 giant cockroaches
  31 goblins
  19 hobgoblins
  10 jackals
  A quokka (D:3)
  11 bats
  A giant gecko (D:1)
  2 giant newts
  9 kobolds
  13 rats
141 creatures vanquished.

Notes
Turn   | Place    | Note
--------------------------------------------------------------
     0 | D:1      | Chiseanne, the Formicid Fighter, began the quest for the Orb.
     0 | D:1      | Reached XP level 1. HP: 18/18 MP: 1/1
   120 | D:1      | Reached XP level 2. HP: 16/24 MP: 3/3
   162 | D:1      | Reached skill level 4 in Shields
   230 | D:1      | Reached XP level 3. HP: 9/29 MP: 4/4
   888 | D:2      | Reached XP level 4. HP: 23/36 MP: 5/5
  1099 | D:2      | Noticed Sigmund
  1114 | D:2      | Killed Sigmund
  1114 | D:2      | Reached XP level 5. HP: 17/42 MP: 7/7
  1114 | D:2      | Reached skill level 5 in Shields
  1575 | D:2      | Reached XP level 6. HP: 45/48 MP: 8/8
  1912 | D:2      | Noticed Terence
  1948 | D:2      | Killed Terence
  2181 | D:3      | Noticed Crazy Yiuf
  2186 | D:3      | Killed Crazy Yiuf
  2470 | D:3      | Noticed Robin
  2501 | D:3      | Killed Robin
  2770 | D:3      | Reached skill level 5 in Armour
  3081 | D:4      | Noticed Prince Ribbit
  3249 | D:4      | Found an iron altar of Okawaru.
  3262 | D:4      | Reached XP level 7. HP: 55/55 MP: 9/9
  3267 | D:4      | Reached skill level 6 in Shields
  3323 | D:4      | Found a staircase to the Ecumenical Temple.
  3354 | Temple   | Entered the Ecumenical Temple
  3446 | Temple   | Became a worshipper of Gozag Ym Sagoz the Greedy
  3541 | D:4      | Reached skill level 1 in Maces & Flails
  4296 | D:4      | Slain by Prince Ribbit

Action                   |  1- 3 |  4- 6 |  7- 9 || total
-------------------------+-------+-------+-------++-------
Melee: War axe           |   108 |   135 |       ||   243
       Flail             |       |   164 |   136 ||   300
       Whip              |       |       |     5 ||     5
Throw: Tomahawk          |       |       |     2 ||     2
 Abil: Dig               |       |     3 |     3 ||     6
Evoke: Wand              |       |       |     8 ||     8
  Use: Scroll            |     4 |    11 |     1 ||    16
       Potion            |       |     3 |       ||     3
  Eat: Chunk             |       |     8 |     2 ||    10
       Pizza             |       |       |     2 ||     2
       Royal jelly       |       |       |     1 ||     1
       Beef jerky        |       |       |     1 ||     1
